 Dungeon Crawl Stone Soup version 0.29.1-15-g9cfb28693d (webtiles) character file.

Game seed: 986106297104254001

155 Gabide the Trooper (level 5, -3/57 HPs)
             Began as an Ogre Monk on Apr 26, 2023.
             Slain by a gnoll
             ... wielding a +0 flail
              (5 damage)
             ... on level 4 of the Dungeon.
             The game lasted 00:02:45 (3444 turns).

Gabide the Trooper (Ogre Monk)                      Turns: 3444, Time: 00:02:45

Health: -3/57      AC:  3    Str: 17    XL:     5   Next: 37%
Magic:  5/5        EV: 10    Int: 11    God:
Gold:   158        SH:  0    Dex: 11    Spells: 4/4 levels left

rFire   . . .      SeeInvis .   a - +0 mace
rCold   . . .      Faith    .   (no shield)
rNeg    . . .      Spirit   .   m - +0 animal skin
rPois   .          Reflect  .   (helmet restricted)
rElec   .          Harm     .   (no cloak)
rCorr   .          Rampage  .   (gloves unavailable)
Will    .....                   (boots unavailable)
Stlth   ++........              (no amulet)
HPRegen 0.19/turn               (no ring)
MPRegen 0.09/turn               (no ring)

@: hasted, very quick
A: large, unfitting armour, tough skin 1
a: no special abilities


You were on level 4 of the Dungeon.
You visited 1 branch of the dungeon, and saw 4 of its levels.

You collected 158 gold pieces.

Inventory:

Hand Weapons
 a - a +0 mace (weapon)
Missiles
 d - 9 javelins (quivered)
 e - 5 boomerangs of dispersal
Armour
 m - a +0 animal skin (worn)
Scrolls
 b - a scroll of brand weapon {unknown}
 f - 3 scrolls of enchant armour {unknown}
 g - 4 scrolls of identify {unknown}
 i - 5 scrolls of poison {unknown}
 j - a scroll of torment {unknown}
 l - a scroll of teleportation {unknown}
 n - 2 scrolls of noise {unknown}
 q - a scroll of enchant weapon {unknown}
Potions
 k - a potion of lignification {unknown}
 o - a potion of curing {unknown}
 p - a potion of heal wounds {unknown}


   Skills:
 + Level 5.1 Fighting
 * Level 4.2 Maces & Flails
 + Level 3.5 Dodging
 - Level 1.4 Stealth


You had 4 spell levels left.
You didn't know any spells.
Your spell library contained the following spells:

 Spells                   Type           Power      Damage    Failure   Level
 Summon Small Mammal      Summ           0%         N/A       34%         1
 Call Canine Familiar     Summ           0%         N/A       71%         3
 Summon Guardian Golem    Hex/Summ       0%         N/A       71%         3


Dungeon Overview and Level Annotations

Branches:
Dungeon (4/15)
 Temple: D:4-7

Altars:
Dithmenos
Vehumet

Annotations:
D:3 3 runed translucent doors, Peloso's ghost, amateur MiFi


Innate Abilities, Weirdness & Mutations

You are too large for most types of armour.
You have tough skin. (AC +1)


Message History

* * * LOW HITPOINT WARNING * * *
You feel very sick.
You feel very sick.
You're too confused to move!
You feel sick. The gnoll hits you with a +0 flail.
* * * LOW HITPOINT WARNING * * *
The gnoll hits you with a +0 club.
* * * LOW HITPOINT WARNING * * *
The gnoll hits you from afar with a +1 halberd of venom.
* * * LOW HITPOINT WARNING * * *
You are lethally poisoned!
* * * LOW HITPOINT WARNING * * *
You feel very sick. The gnoll barely misses you.
The gnoll attacks as you move away! The gnoll hits you with a +0 flail!
* * * LOW HITPOINT WARNING * * *
x2 You feel very sick.
* * * LOW HITPOINT WARNING * * *
You feel very sick.
You bump into the rock wall.
* * * LOW HITPOINT WARNING * * *
You feel sick. The gnoll completely misses you.
You closely miss the gnoll.
The gnoll is heavily wounded.
* * * LOW HITPOINT WARNING * * *
You feel very sick. The gnoll barely misses you.
You bump into the rock wall.
You feel less invigorated.
You feel less confused.
You feel sick. The gnoll hits you with a +0 flail.
* * * LOW HITPOINT WARNING * * *
The gnoll attacks as you move away! The gnoll closely misses you.
You feel sick.
You feel sick.
You feel sick.
You feel sick.
You feel sick.
It was a potion of haste.
You feel yourself speed up.
You feel sick.
You are no longer poisoned.
The gnoll hits you with a +0 flail.
You die...

#..........## .# ##
####'##.....##.# '. #.##.###....#
#. #.##.# #..### #.## ###.##.#
#..# ..# #......###..# #.#
#.#.###.....#
#.##########.#.......######
#######...o.Jggg@..#.#....†####..
.....##.o###########.#....†'..<.#
.....'...........##..#.....###..#
...$.###.........#...#.....# #..#
.....# ##..........#.#.....# #.##
.....# #.......>....#.....# #.##
........#........#####.....# #..+
##.Jg.####.......# #.....# ####
#.oo## #.......# #.....#


You could see 3 gnolls, an orc and an endoplasm.

Vanquished Creatures
  Robin (D:3)
  7 adders
  A gnoll (D:1)
  A worm (D:3)
  3 dart slugs
  2 orcs (D:3)
  5 ball pythons
  4 endoplasms
  4 giant cockroaches
  7 goblins
  8 hobgoblins
  3 jackals (D:1)
  2 kobolds (D:2)
  4 quokkas
  A bat (D:2)
  2 frilled lizards (D:1)
  4 rats
59 creatures vanquished.

Notes
Turn   | Place    | Note
-------+----------+-------------------------------------------
     0 | D:1      | Gabide the Ogre Monk began the quest for the Orb.
     0 | D:1      | Reached XP level 1. HP: 24/24 MP: 1/1
   104 | D:1      | Reached XP level 2. HP: 24/32 MP: 2/2
   186 | D:1      | Found a faded altar of an unknown god.
   412 | D:1      | Reached XP level 3. HP: 37/40 MP: 3/3
   911 | D:2      | Found a shadowy altar of Dithmenos.
  1212 | D:2      | Reached XP level 4. HP: 38/49 MP: 4/4
  2260 | D:3      | Noticed Robin
  2267 | D:3      | Killed Robin
  2471 | D:3      | Noticed Peloso's ghost (amateur MiFi)
  2476 | D:3      | Found a runed translucent gate.
  2476 | D:3      | Found a runed translucent gate.
  2476 | D:3      | Found a runed translucent gate.
  2476 | D:3      | Noticed a bullfrog
  2503 | D:3      | Reached XP level 5. HP: 52/55 MP: 5/5
  2526 | D:3      | Reached skill level 5 in Fighting
  2929 | D:3      | Found a radiant altar of Vehumet.
  3444 | D:4      | HP: 2/57 [poisoned by a gnoll]
  3444 | D:4      | Slain by a gnoll

Illustrated notes

Levels and vault maps discovered:
D:1:      tarquinn_simple_flora_water_c, layout_basic,
          chequers_ecumenical_altar_lobes
D:2:      layout_loops_ring, basic_altar, chequers_decorated_corner
D:3:      layout_basic, mainiacjoe_overflow_paths, gammafunk_ghost_split,
          uniq_robin
D:4:      layout_basic, minmay_misc_feat_encased, grunt_ministairs_6

Skill      XL: |  1  2  3  4  5 |
---------------+----------------+-----
Maces & Flails | 3 4 |  4.2
Dodging        | 3 |  3.5
Fighting       | 5 |  5.1
Stealth        | |  1.4

Action                   |  1- 3 |  4- 6 || total
-------------------------+-------+-------++-------
Melee: Mace              |    73 |   144 ||   217
       Punch             |       |     1 ||     1
  Use: Potion            |       |     2 ||     2
 Stab: Sleeping          |     5 |     6 ||    11
Armor: Robe              |    24 |    29 ||    53
       Animal skin       |       |    14 ||    14
Dodge: Dodged            |    45 |    70 ||   115
